 Dungeon Crawl Stone Soup version 0.32-a0-520-g344ed53f66 (webtiles) character file.

Game seed: 3899951600676236826

106509 Implojin the Nimble (level 16, -18/122 (127) HPs)
             Began as a Coglin Brigand on Feb 27, 2024.
             Was an Initiate of Gozag.
             Demolished by Donald
             ... wielding a +2 scimitar of holy wrath
              (34 damage)
             ... on level 2 of the Orcish Mines.
             The game lasted 01:23:55 (29523 turns).

Implojin the Nimble (Coglin Brigand)               Turns: 29523, Time: 01:23:55

HP:   -18/122 (127) AC: 24    Str: 11    XL:     16   Next: 44%
MP:   16/16         EV: 16    Int:  8    God:    Gozag
Gold: 5130          SH:  0    Dex: 22    Spells: 15/15 levels left

rFire   + + +        I - +5 scimitar (freeze) {Navbir}
rCold   + . .        w - +4 scimitar (flame) {Sizwe}
rNeg    . . .        X - +4 fire dragon scales "Xeys Soc" {rF++ rC- Will+}
rPois   +            o - +2 hat
rElec   .            c - +1 cloak
rCorr   +            g - +0 pair of gloves of Kathenotheism {Harm Will- rCorr Int-5 Slay+4}
SInv    .            F - +3 pair of boots "Jeurriyr" {rPois rC+ Slay+2}
Will    +....        m - amulet of regeneration
Stlth   ++++         (ring unavailable)
HPRegen 1.20/turn    (ring unavailable)
MPRegen 0.15/turn

%: harm (+30% outgoing, +20% incoming)
@: lightly drained, revved
A: cold resistance 1, fire resistance 1, off-hand wielding, slow wielding,
warmup strikes, no rings
a: Renounce Religion, Potion Petition, Call Merchant, Bribe Branch


You were on level 2 of the Orcish Mines.
You worshipped Gozag.
Gozag was greatly pleased with you.
You visited 3 branches of the dungeon, and saw 22 of its levels.
You also visited: Gauntlet, Ice Cave and Volcano.

You collected 8266 gold pieces.
You spent 1079 gold pieces at shops.
You paid 2057 gold pieces to Gozag.

Inventory:

Hand Weapons
 w - a +4 scimitar of flaming (offhand) {Sizwe}
 H - a +2 dagger of speed {Henutmehyt}
 I - a +5 scimitar of freezing (weapon) {Navbir}
 T - a +2 short sword of speed {Cortez}
 V - a +0 triple sword of flaming
 W - a +1 great sword of flaming
Missiles
 d - 24 poisoned darts (quivered)
 e - 7 curare-tipped darts
 t - 23 boomerangs
 C - 5 atropa-tipped darts
 U - 11 javelins
Armour
 c - a +1 cloak (worn)
 g - the +0 pair of gloves of Kathenotheism (worn) {Harm Will- rCorr Int-5 Slay+4}
   (You found it in a Gauntlet)

   Int-5:     It affects your intelligence (-5).
   Slay+4:    It affects your accuracy & damage with ranged weapons and melee
   (+4).
   Will-:     It decreases your willpower.
   rCorr:     It protects you from acid and corrosion.
   Harm:      It increases damage dealt and taken.
 o - a +2 hat (worn)
 F - the +3 pair of boots "Jeurriyr" (worn) {rPois rC+ Slay+2}
   (You found it in a Gauntlet)

   Slay+2:    It affects your accuracy & damage with ranged weapons and melee
   (+2).
   rC+:       It protects you from cold.
   rPois:     It protects you from poison
 X - the +4 fire dragon scales "Xeys Soc" (worn) {rF++ rC- Will+}
   (You took it off a minotaur in a Gauntlet)

   rF++:      It greatly protects you from fire.
   rC-:       It makes you vulnerable to cold.
   Will+:     It increases your willpower.
 Z - the +0 pair of gloves "Wegg" {Dex+6}
   (You found it in a Gauntlet)

   Dex+6:     It affects your dexterity (+6).
Jewellery
 m - an amulet of regeneration (around neck)
Wands
 l - a wand of polymorph (15)
 y - a wand of roots (6)
 J - a wand of mindburst (10)
 P - a wand of paralysis (11)
 R - a wand of quicksilver (4)
 Y - a wand of digging (9)
Scrolls
 a - a scroll of identify
 b - 4 scrolls of immolation
 f - 2 scrolls of silence
 j - 6 scrolls of enchant weapon
 n - 9 scrolls of teleportation
 z - 8 scrolls of fog
 E - 2 scrolls of blinking
 G - 6 scrolls of vulnerability
Potions
 h - 3 potions of magic
 k - 2 potions of resistance
 q - 3 potions of enlightenment
 r - 4 potions of attraction
 s - 2 potions of might
 x - a potion of haste
 B - 2 potions of invisibility
 D - 3 potions of curing
 K - 2 potions of heal wounds
 M - a potion of ambrosia
 Q - 2 potions of cancellation
 S - 3 potions of mutation
Miscellaneous
 v - a phial of floods
 O - a box of beasts (inert)


   Skills:
 - Level 12.0 Fighting
 - Level 10.0(12.2) Short Blades
 - Level 12.3(14.0) Long Blades
 - Level 1.7 Throwing
 - Level 8.0 Armour
 - Level 14.0 Dodging
 * Level 11.3 Stealth
 - Level 8.0 Evocations


You had 15 spell levels left.
You didn't know any spells.
Your spell library contained the following spells:

 Spells                   Type           Power      Damage    Failure   Level
 Apportation              Tloc           0%         N/A       95%         1
 Foxfire                  Conj/Fire      0%         2x1d4     95%         1
 Necrotise                Necr           0%         1d4       95%         1
 Slow                     Hex            0%         N/A       95%         1
 Sting                    Conj/Alch      0%         1d3       95%         1
 Summon Small Mammal      Summ           0%         N/A       95%         1
 Ensorcelled Hibernation  Hex/Ice        0%         N/A       99%         2
 Jinxbite                 Hex            0%         N/A       99%         2
 Mercury Vapours          Alch/Air       0%         N/A       99%         2
 Confusing Touch          Hex            0%         N/A       100%        3
 Dazzling Flash           Conj/Hex       0%         N/A       100%        3
 Gell's Gravitas          Tloc           0%         N/A       100%        3
 Inner Flame              Hex/Fire       0%         N/A       100%        3
 Passwall                 Erth           0%         N/A       100%        3
 Sigil of Binding         Hex            0%         N/A       100%        3
 Swiftness                Air            0%         N/A       100%        3
 Teleport Other           Tloc           0%         N/A       100%        3
 Vampiric Draining        Necr           0%         2d6       100%        3
 Volatile Blastmotes      Fire/Tloc      0%         2d10      100%        3
 Animate Armour           Summ/Erth      0%         N/A       100%        4
 Brom's Barrelling Bould  Conj/Erth      0%         2d3       100%        4
 Flame Wave               Conj/Fire      0%         2d4       100%        4
 Olgreb's Toxic Radiance  Alch           0%         N/A       100%        4
 Sticky Flame             Fire/Alch      0%         2d4       100%        4
 Summon Blazeheart Golem  Fire/Summ      0%         N/A       100%        4
 Summon Lightning Spire   Summ/Air       0%         N/A       100%        4
 Fireball                 Conj/Fire      0%         3d3       100%        5
 Iskenderun's Battlesphe  Conj           0%         2d6       100%        5
 Lee's Rapid Deconstruct  Erth           0%         3d4*      100%        5
 Yara's Violent Unravell  Hex/Alch       0%         3d3       100%        5
 Conjure Ball Lightning   Conj/Air       0%         3x3d6     100%        6
 Dispersal                Tloc           0%         N/A       100%        6
 Plasma Beam              Fire/Air       0%         2x1d10    100%        6
 Starburst                Conj/Fire      0%         6d3       100%        6
 Enfeeble                 Hex            0%         N/A       100%        7
 Orb of Destruction       Conj           0%         9d5       100%        7
 Spellforged Servitor     Conj/Summ      0%         N/A       100%        7
 Maxwell's Capacitive Co  Air            0%         ∞         100%        8


Dungeon Overview and Level Annotations

Branches:
Dungeon (15/15)            Temple (0/1) D:7            Lair (5/5) D:10
 Shoals (0/4) Lair:2       Spider (0/4) Lair:3        Slime (0/5) Lair:5
    Orc (2/2) D:11            Elf (0/3) Orc:2        Vaults (0/5) D:13
 Depths (0/4) D:15          IceCv (visited)         Volcano (visited)
Gauntlet (visited)

Altars:
Ashenzari
Cheibriados
Dithmenos
Fedhas
Gozag
Kikubaaqudgha
Makhleb
Nemelex Xobeh
Okawaru
Qazlal
Uskayaw
Xom
Yredelemnul
The Shining One

Shops:
D:6 =?:   D:8 !   Orc:1 =

Annotations:
Orc:2 Donald


Innate Abilities, Weirdness & Mutations

Your flesh is cold resistant. (rC+)
Your flesh is heat resistant. (rF+)
You can wield a second weapon in your off-hand.
It takes a long time for you to wield or remove held weapons.
Your first few attacks do less damage.
Your grasper-arms cannot wear rings.


Message History

Donald blocks your attack. x2
Donald hits you with a +2 scimitar of holy wrath!!
Donald blocks your attack. x2
Donald hits you with a +2 scimitar of holy wrath!
Donald blocks your attack. x2
You hit Donald with your +5 scimitar of freezing.
You freeze Donald.
Donald is lightly wounded.
You slice Donald with your +4 scimitar of flaming!!
You burn Donald!
Donald mumbles some strange words.
Donald seems to speed up.
You completely miss Donald with your +4 scimitar of flaming.
Donald is heavily wounded.
You hit Donald with your +5 scimitar of freezing.
You freeze Donald. Donald barely misses you. Donald blocks your attack.
Donald is severely wounded.
You hit Donald with your +5 scimitar of freezing.
You freeze Donald. Donald barely misses you.
You closely miss Donald with your +5 scimitar of freezing.
Donald is severely wounded.
You hit Donald but do no damage.
Donald says, "My feet hurt."
Donald hits you with a +2 scimitar of holy wrath!
Danger: Low HP Warning |T2| Reason: 52% HP (64/122)
You slash Donald with your +5 scimitar of freezing!
You freeze Donald!
Donald is almost dead.
Donald blocks your attack.
Donald shakes his head.
Donald hits you with a +2 scimitar of holy wrath!!
Danger: Low HP Warning |T3| Reason: 34% HP (42/122)
You open the lid... ...and a mature fireshock beast leaps out!
The box is emptied!
Donald hits you with a +2 scimitar of holy wrath!! x2
You die...
Donald says, "I won.
I... don't hate that."
Your body crumbles into a pile of gold.

.....#......## #...##..##..##...#
.............# #..##..........≈≈#
..#..........###..#..........≈≈≈#
............##.#...........≈≈≈≈##
#.................#......≈≈≈≈###*
..................#.....≈≈≈≈##**,
....#...........................,
................................,
................@.#.....≈≈≈≈####,
..#............#@.#......≈≈≈≈#***
..###...........H..........≈≈≈≈**
...#......)......)#.)))......≈≈~*
...#######........##..........≈~*
..##....[##.......)##..##..##.,,*
..#.)...[.#.......).).........,,,
.##...#.[.##........).........,,.
.##≈.≈##[..#..................,,.


You could see Donald (fast, strong, ally target, reflecting) and a friendly
mature fireshock beast (summoned).

Vanquished Creatures
  Rupert (Orc:2)
  Jorgrun (D:12)
  A storm dragon (D:15)
  Nessos (Lair:4)
  A minotaur (Gauntlet)
  A fire dragon (Volcano)
  2 vault guards (D:13)
  An ogre mage (D:15)
  Erolcha (Orc:1)
  5 hydras
  8 boulder beetles
  7 centaur warriors
  An ironbound frostheart (D:13)
  Erica (D:11)
  A deep troll earth mage (D:15)
  A two-headed ogre (D:13)
  3 tengu warriors
  An occultist (Gauntlet)
  Urug (D:13)
  A fire crab (Gauntlet)
  4 sun demons (Volcano)
  5 skeletal warriors (D:13)
  2 skysharks
  A pharaoh ant (Lair:3)
  An arcanist (Gauntlet)
  A lindwurm (D:10)
  13 ugly things
  An oklob plant (Lair:5)
  5 orc knights
  3 deep elf pyromancers
  3 orc sorcerers
  2 manticores
  13 cyclopes
  6 meliai (D:14)
  Joseph (D:8)
  5 elephants
  7 kobold blastminers
  A black mamba (Lair:3)
  2 smoke demons (Volcano)
  2 gargoyles
  9 cane toads
  Maggie (D:10)
  2 kobold demonologists (D:10)
  Jeremiah (D:6)
  6 rime drakes
  A yaktaur (D:15)
  3 efreet
  11 komodo dragons
  4 tengu conjurers
  5 trolls
  6 hornets
  4 polar bears
  A tarantella (Lair:3)
  9 blink frogs
  13 dream sheep (Lair:3)
  A centaur simulacrum (D:15)
  3 vampires
  13 spriggans
  2 shadows (D:12)
  8 wyverns
  65 yaks
  4 wraiths
  3 fire bats (Gauntlet)
  5 basilisks
  A warg (Orc:1)
  7 vampire mosquitoes
  2 redbacks (D:10)
  7 steam dragons
  13 water moccasins
  A hell hound (Volcano)
  39 orc warriors
  A swamp drake (D:11)
  3 ice beasts (D:10)
  A sky beast (D:8)
  3 laughing skulls (D:15)
  2 black bears (Lair:5)
  31 wolves
  10 ogres
  22 centaurs
  10 boggarts
  2 phantoms (D:6)
  6 bullfrogs
  3 gnoll sergeants
  5 scorpions
  8 wights
  4 electric eels (D:15)
  5 howler monkeys
  2 lava snakes (D:10)
  3 bombardier beetles
  18 orc priests
  2 sleepcaps
  A gnoll bouda (D:3)
  3 hounds
  6 jellies
  3 iguanas (D:5)
  17 orc wizards
  3 wolf simulacra (IceCv)
  5 adders
  17 gnolls
  4 shadow imps
  5 white imps
  2 adder zombies (D:3)
  A dart slug (D:4)
  2 ribbon worms (D:2)
  57 orcs
  6 ball pythons
  2 bats
  11 endoplasms
  3 giant cockroaches
  3 goblins
  6 hobgoblins
  2 jackals (D:3)
  2 quokkas
  2 ball python zombies (D:3)
  2 frilled lizards (D:2)
  14 kobolds
  4 rats
692 creatures vanquished.

Vanquished Creatures (others)
  A two-headed ogre (D:12)
  A howler monkey (D:12)
2 creatures vanquished.

Grand Total: 694 creatures vanquished

Notes
Turn   | Place    | Note
-------+----------+-------------------------------------------
     0 | D:1      | Implojin the Coglin Brigand began the quest for the Orb.
     0 | D:1      | Reached XP level 1. HP: 16/16 MP: 1/1
   707 | D:2      | Reached XP level 2. HP: 22/22 MP: 2/2
   882 | D:2      | Reached XP level 3. HP: 26/27 MP: 3/3
   979 | D:2      | Found an opulent altar of Gozag.
  1158 | D:2      | Became a worshipper of Gozag Ym Sagoz the Greedy
  1161 | D:2      | Found a faded altar of an unknown god.
  1413 | D:3      | Found a sparkling altar of Nemelex Xobeh.
  1426 | D:3      | Reached XP level 4. HP: 28/33 MP: 4/4
  1735 | D:3      | Found a basalt altar of Yredelemnul.
  2257 | D:3      | Found a glowing golden altar of the Shining One.
  2377 | D:3      | Reached XP level 5. HP: 36/38 MP: 5/5
  2423 | D:3      | Reached skill level 5 in Short Blades
  2564 | D:4      | Reached XP level 6. HP: 44/44 MP: 6/6
  2728 | D:4      | Reached skill level 1 in Evocations
  2989 | D:4      | Reached XP level 7. HP: 39/50 MP: 7/7
  3121 | D:4      | Found an iron altar of Okawaru.
  3196 | D:5      | Entered Level 5 of the Dungeon
  3528 | D:5      | Found a hide-covered altar of Uskayaw.
  3865 | D:5      | Reached skill level 5 in Stealth
  4135 | D:5      | Reached XP level 8. HP: 56/56 MP: 8/8
  4141 | D:5      | Found an ancient bone altar of Kikubaaqudgha.
  5536 | D:6      | Found Wynwammuhe's Book Shop.
  5538 | D:6      | Found Luupsol's Magic Scroll Shop.
  5675 | D:6      | Found Nam Ratios's Jewellery Shop.
  5681 | D:6      | Bought a scroll of fog for 52 gold pieces
  5681 | D:6      | Bought a scroll of butterflies for 52 gold pieces
  5681 | D:6      | Bought a scroll of fog for 52 gold pieces
  5681 | D:6      | Bought a scroll of enchant armour for 97 gold pieces
  5681 | D:6      | Bought a scroll of fog for 52 gold pieces
  5681 | D:6      | Bought a scroll of silence for 123 gold pieces
  5681 | D:6      | Bought a scroll of fear for 52 gold pieces
  5725 | D:6      | Noticed Jeremiah
  5735 | D:6      | Killed Jeremiah
  5996 | D:6      | Found a broken altar of Ashenzari.
  6034 | D:6      | Reached XP level 9. HP: 56/61 MP: 9/9
  6170 | D:4      | Found a shadowy altar of Dithmenos.
  6284 | D:7      | Found a snail-covered altar of Cheibriados.
  6706 | D:7      | Found a staircase to the Ecumenical Temple.
  6812 | D:7      | Reached skill level 5 in Fighting
  7482 | D:8      | Found Pukudi's Distillery.
  7490 | D:8      | Bought a potion of ambrosia for 104 gold pieces
  7490 | D:8      | Bought 2 potions of degeneration for 26 gold pieces
  7490 | D:8      | Bought a potion of lignification for 39 gold pieces
  7490 | D:8      | Bought a potion of haste for 130 gold pieces
  7557 | D:8      | Noticed Joseph
  7563 | D:8      | Killed Joseph
  7579 | D:8      | Found a burning altar of Makhleb.
  8095 | D:6      | Bought an amulet of guardian spirit for 300 gold pieces
  8145 | D:8      | Reached skill level 5 in Evocations
  8145 | D:8      | Reached XP level 10. HP: 21/74 MP: 4/10
  8929 | D:9      | Paralysed by a hornet for 2 turns
  9101 | D:9      | Found a stormy altar of Qazlal.
  9108 | D:9      | Noticed a kobold demonologist
  9165 | D:9      | Noticed a sun demon
  9322 | D:10     | Entered Level 10 of the Dungeon
  9327 | D:10     | Noticed a sun demon
  9463 | D:10     | Killed a kobold demonologist
  9529 | D:10     | Found a staircase to the Lair.
  9542 | D:10     | Reached skill level 10 in Short Blades
  9773 | D:10     | Reached XP level 11. HP: 57/82 MP: 7/11
 10176 | D:10     | Noticed Maggie
 10178 | D:10     | Killed Maggie
 10515 | D:10     | Reached skill level 1 in Dodging
 10534 | D:10     | Reached skill level 2 in Dodging
 10821 | D:10     | Reached skill level 3 in Dodging
 11045 | D:10     | Found a runed translucent door.
 11238 | D:10     | Found a runed translucent gate.
 11238 | D:10     | Found a runed translucent gate.
 11238 | D:10     | Found a runed translucent gate.
 11238 | D:10     | Found a runed translucent gate.
 11238 | D:10     | Found a runed translucent gate.
 11238 | D:10     | Found a runed translucent gate.
 11238 | D:10     | Noticed a lindwurm
 11238 | D:10     | Noticed a boulder beetle
 11238 | D:10     | Noticed a boulder beetle
 11247 | D:10     | Killed a boulder beetle
 11248 | D:10     | Reached skill level 4 in Dodging
 11279 | D:10     | Killed a boulder beetle
 11280 | D:10     | Reached skill level 5 in Dodging
 11384 | D:11     | Found a frozen archway.
 11400 | D:11     | Reached skill level 1 in Long Blades
 11423 | IceCv    | Entered an ice cave
 11423 | IceCv    | Noticed a white ugly thing
 11429 | IceCv    | Killed a white ugly thing
 11430 | IceCv    | Found a transporter.
 11450 | IceCv    | Found a transporter.
 11717 | D:11     | Noticed Erica
 11719 | D:11     | Killed Erica
 11720 | D:11     | Reached skill level 5 in Long Blades
 11782 | D:11     | Reached XP level 12. HP: 59/92 MP: 8/12
 12524 | D:11     | Noticed a boulder beetle
 12562 | D:11     | Killed a boulder beetle
 12659 | D:11     | Found a staircase to the Orcish Mines.
 13138 | Lair:1   | Entered Level 1 of the Lair of Beasts
 13299 | Lair:1   | Found a gate leading to a gauntlet.
 13311 | Gauntlet | Entered a Gauntlet
 13311 | Gauntlet | Found a transporter.
 13311 | Gauntlet | Found a transporter.
 13311 | Gauntlet | Found a transporter.
 13312 | Gauntlet | Found a transporter.
 13313 | Gauntlet | Found a transporter.
 13313 | Gauntlet | Noticed a soul eater
 13316 | Gauntlet | Found a transporter.
 13323 | Gauntlet | Noticed a death scarab
 13333 | Gauntlet | Found a transporter.
 13333 | Gauntlet | Found a transporter.
 13335 | Gauntlet | Found a transporter.
 13336 | Gauntlet | Found a transporter.
 13338 | Gauntlet | Noticed an occultist
 13339 | Gauntlet | Noticed a hell beast
 13360 | Gauntlet | Found a transporter.
 13362 | Gauntlet | Found a transporter.
 13566 | Gauntlet | Identified the +0 pair of gloves of Kathenotheism {Harm
                  | Will- rCorr Int-5 Slay+4}
 13936 | Gauntlet | Killed an occultist
 13937 | Gauntlet | Reached skill level 10 in Long Blades
 13975 | Gauntlet | Identified the +3 pair of boots "Jeurriyr" {rPois rC+
                  | Slay+2}
 14019 | Gauntlet | Found the +5 robe of Night {Dark Will+ SInv}
 14019 | Gauntlet | Identified the +4 fire dragon scales "Xeys Soc" {rF++ rC-
                  | Will+}
 14019 | Gauntlet | Noticed a minotaur
 14029 | Gauntlet | Killed a minotaur
 14035 | Gauntlet | Identified the +0 pair of gloves "Wegg" {Dex+6}
 14461 | Lair:1   | Gained mutation: Your flesh is cold resistant. (rC+)
                  | [Coglin growth]
 14461 | Lair:1   | Gained mutation: Your flesh is heat resistant. (rF+)
                  | [Coglin growth]
 14461 | Lair:1   | Reached XP level 13. HP: 98/98 MP: 13/13
 14524 | Lair:1   | Identified the +0 robe of Death Resistance {+Inv rElec
                  | rPois Int-4}
 15012 | Lair:2   | Found a staircase to the Shoals.
 15094 | Lair:2   | Noticed Sonja
 15096 | Lair:2   | Sonja changed into Sonja the ogre
 15096 | Lair:2   | Noticed Sonja
 15099 | Lair:2   | Killed Sonja the ogre
 15741 | Lair:3   | Reached skill level 10 in Fighting
 15772 | Lair:3   | Reached skill level 6 in Dodging
 15878 | Lair:3   | Found a hole to the Spider Nest.
 16138 | Lair:3   | Reached skill level 7 in Dodging
 16283 | Lair:3   | Found a shimmering altar of Xom.
 16620 | Lair:3   | Reached skill level 8 in Dodging
 17162 | Lair:4   | Reached skill level 9 in Dodging
 17181 | Lair:4   | Reached XP level 14. HP: 79/110 MP: 11/14
 17425 | Lair:4   | Noticed Nessos
 17430 | Lair:4   | Reached skill level 10 in Dodging
 17433 | Lair:4   | Killed Nessos
 18048 | Lair:5   | Entered Level 5 of the Lair of Beasts
 18098 | Lair:5   | Found a staircase to the Slime Pits.
 18460 | Lair:5   | Reached skill level 11 in Dodging
 18727 | Lair:5   | Reached skill level 12 in Dodging
 19773 | Lair:5   | Found a staircase to the Slime Pits.
 20429 | D:10     | Identified the ring "Xotout" {rC+ rN+ Str+3 Dex+2}
 20577 | D:12     | Noticed Jorgrun
 20590 | D:12     | Killed Jorgrun
 20697 | D:12     | You fall into a shaft and drop 3 floors!
 20697 | D:15     | Entered Level 15 of the Dungeon
 20728 | D:14     | Reached skill level 13 in Dodging
 21152 | D:14     | Reached XP level 15. HP: 100/115 MP: 13/15
 21185 | D:14     | Reached skill level 14 in Dodging
 21657 | D:12     | Found a shimmering altar of Xom.
 22472 | D:13     | Reached skill level 1 in Armour
 23084 | D:13     | Noticed Urug
 23337 | D:13     | Killed Urug
 23506 | D:13     | Found a gate to the Vaults.
 23775 | D:13     | Found a gate to the Vaults.
 24548 | D:14     | Reached skill level 5 in Armour
 24720 | D:14     | Found a hide-covered altar of Uskayaw.
 24763 | D:14     | Identified the +0 pair of gloves "Maplais" {Str+3 Int+3}
 25560 | D:14     | Found a hide-covered altar of Uskayaw.
 25741 | D:15     | Noticed a storm dragon
 25744 | D:15     | Found a staircase to the Depths.
 25760 | D:15     | Killed a storm dragon
 25775 | D:15     | HP: 5/120 [centaur warrior (14)]
 26115 | D:15     | Found a blossoming altar of Fedhas.
 26516 | D:15     | Reached XP level 16. HP: 85/127 MP: 10/16
 27309 | D:15     | Identified the +6 great sword of the Endless March
                  | {antimagic, rPois Will+++ rCorr Str-5}
 27501 | D:15     | Identified the +10 hand axe of Grontol {elec, rPois rC++
                  | Will+ Str-5}
 27502 | D:15     | Identified the +0 hand axe "Uluhen" {flame, *Noise rCorr
                  | Int+3}
 27685 | Orc:1    | Entered Level 1 of the Orcish Mines
 27690 | Orc:1    | Found Ehao's Jewellery Boutique.
 27703 | Orc:1    | Noticed Erolcha
 27731 | Orc:1    | Killed Erolcha
 27911 | Orc:2    | Entered Level 2 of the Orcish Mines
 27959 | Orc:2    | Noticed Rupert
 27965 | Orc:2    | Paralysed by Rupert for 3 turns
 27970 | Orc:2    | Killed Rupert
 28030 | Orc:2    | Found a staircase to the Elven Halls.
 28044 | Orc:2    | Found a dark tunnel.
 28067 | Volcano  | Entered a volcano
 28102 | Volcano  | Reached skill level 10 in Stealth
 28887 | Orc:2    | Noticed Donald
 29523 | Orc:2    | Demolished by Donald

Illustrated notes

Levels and vault maps discovered:
D:1:      minmay_arrival_cross, layout_loops_ring, hangedman_decor_opposing
D:2:      layout_basic, basic_ecumenical_altar, basic_altar
D:3:      layout_loops_cross, nicolae_yredelemnul_corpse_copse,
          mainiacjoe_overflow_alcove_2, tso_oasis_becter
D:4:      layout_gridville, lemuel_crystal_altar, nicolae_overflow_hidden_temple
D:5:      layout_layer_cave, overflow_temple_1_default, marbit_many_paths,
          dk_noncrumbling_2
D:6:      layout_basic, mainiacjoe_overflow_24_doors,
          chequers_serial_rivers_micro_d, hangedman_decor_push,
          nicolae_shop_distant_corner_stores, corexii_item_surrounded_by_moat,
          minmay_crystal_room, uniq_jeremiah
D:7:      layout_basic, overflow_temple_1_default, minmay_temple_entry_arrows,
          grunt_decor_cap
D:8:      layout_rooms, bloody_makhleb, nicolae_stop_n_shop_2, uniq_joseph
D:9:      layout_rooms, grunt_qazlal_sundering
D:10:     gammafunk_indiana_jones, layout_basic, hellmonk_lair_entry_icy,
          uniq_maggie
D:11:     layout_loops_ring, erik_orc_1, portal_ice_cave_rime, special_room
          [special_room_orc], uniq_erica
D:12:     layout_cross, minmay_misc_feat_pillars, xom_confusion_cloud,
          uniq_jorgrun
D:13:     layout_small_grid, hellmonk_vaults_keyhole, uniq_urug
D:14:     layout_cave_pods, nicolae_uskayaw_suspiria
D:15:     hellmonk_depths_entry_around_the_bend, layout_irregular_city,
          fedhas_altar_3, chequers_big_river, evilmike_butchery
Lair:1:   layout_chaotic_city, gauntlet_entry_generic, grunt_megastairs_1
Lair:2:   layout_cave_shapes, elwin_shoals_entry_rocks, lemuel_fruit_tree,
          uniq_sonja
Lair:3:   wad_woods_stonehenge, layout_long_grid,
          nicolae_spider_entry_lesser_pyramids, infiniplex_staircase_pool_2
Lair:4:   layout_regular_city, serial_bayou_lagoon_a, beast_lair_carwin_1,
          uniq_nessos
Lair:5:   minmay_lair_end_enchanted_forest, layout_regular_city,
          nicolae_slime_entry_slimehenge, serial_bayou_shore_b
Orc:1:    layout_caves, serial_shops, nicolae_shop_crystal, mines1_david,
          uniq_fannar, uniq_gastronok, uniq_erolcha
Orc:2:    st_orc_rangers, layout_diamond_mine, lightli_volcano_entry_magma_tube,
          uniq_donald, uniq_rupert

Skill      XL: |  1  2  3  4  5  6  7  8  9 10 11 12 13 14 15 16 |
---------------+-------------------------------------------------+-----
Short Blades   | 2 3 4 5 6 8 10 | 10.0
Evocations     | 3 5 8 |  8.0
Stealth        | 6 8 9 11 | 11.3
Fighting       | 5 6 8 10 12 | 12.0
Dodging        | 5 9 13 14 | 14.0
Long Blades    | 6 11 12 | 12.3
Armour         | 7 8 |  8.0
Throwing       | |  1.7

Action                     |  1- 3 |  4- 6 |  7- 9 | 10-12 | 13-15 | 16-18 || total
---------------------------+-------+-------+-------+-------+-------+-------++-------
  Melee: Dagger            |    77 |   106 |   288 |   679 |       |       ||  1150
         Short sword       |    68 |   110 |   235 |   611 |   258 |       ||  1282
         Scimitar          |       |       |       |    62 |   691 |   277 ||  1030
  Throw: Dart              |     3 |     8 |     2 |    15 |    10 |     3 ||    41
         Throwing net      |       |     1 |     2 |     4 |       |       ||     7
         Boomerang         |       |       |     9 |     3 |       |       ||    12
 Invoke: Potion Petition   |       |       |       |     2 |     2 |     1 ||     5
  Evoke: Wand              |       |     1 |    14 |    10 |    22 |     3 ||    50
         Box of beasts     |       |       |       |       |     1 |     1 ||     2
    Use: Scroll            |     3 |       |     7 |     8 |    10 |     3 ||    31
         Potion            |       |       |     4 |    10 |     5 |     1 ||    20
   Stab: Sleeping          |     3 |     2 |    11 |    21 |    36 |     3 ||    76
         Distracted        |     1 |     1 |       |    10 |    19 |     1 ||    32
         Held in net/web   |       |     2 |     2 |     1 |       |       ||     5
         Invisible         |       |       |     3 |     5 |       |       ||     8
         Paralysed         |       |       |       |       |     1 |       ||     1
 Armour: Robe              |    13 |       |       |    10 |   293 |    20 ||   336
         Ring mail         |    32 |    46 |   164 |    74 |       |       ||   316
         Steam dragon scal |       |       |       |   152 |       |       ||   152
         Fire dragon scale |       |       |       |       |       |    93 ||    93
  Dodge: Dodged            |    31 |    50 |    99 |   212 |   383 |   136 ||   911
         Repelled          |       |     1 |     1 |     2 |    12 |    13 ||    29

Table legend: (Time is in decaauts)
 A = Elapsed time spent in this place.
 B = Non-inter-level travel time spent in this place.
 C = Inter-level travel time spent in this place.
 D = Time resting spent in this place.
 E = Time spent auto-exploring this place.
 F = Levels seen in this place.
 G = Mean time per level.
                   A        B        C        D        E       F      G
               +--------+--------+--------+--------+--------+-----+--------+
         Total |  28656 |  27123 |   1533 |   2524 |  18209 |  25 | 1146.2 |
       Dungeon |  19806 |  18610 |   1196 |   1924 |  13073 |  15 | 1320.4 |
          Lair |   6149 |   5818 |    331 |     31 |   4420 |   5 | 1229.8 |
  Orcish Mines |   1513 |   1508 |      5 |    210 |    683 |   2 |  756.5 |
      Ice Cave |    116 |    116 |      0 |     47 |      0 |   1 |  116.0 |
       Volcano |    279 |    279 |      0 |      0 |      0 |   1 |  279.0 |
      Gauntlet |    791 |    791 |      0 |    311 |     33 |   1 |  791.0 |
               +--------+--------+--------+--------+--------+-----+--------+

Top non-repeatable levels by time:
    D:14: 2283 daAuts
  Lair:5: 2157 daAuts
    D:10: 1921 daAuts
    D:13: 1778 daAuts
     D:5: 1775 daAuts
    D:15: 1677 daAuts
    D:11: 1581 daAuts
  Lair:3: 1358 daAuts
   Orc:2: 1292 daAuts
    D:12: 1285 daAuts
     D:6: 1222 daAuts
  Lair:4: 1112 daAuts
     D:7: 1099 daAuts
     D:3: 1044 daAuts
     D:8: 971 daAuts
